 Dungeon Crawl Stone Soup version 0.22-a0-417-g1387785 (webtiles) character file.

13931 Amnesiac the Transmogrifier (level 11, 0/58 HPs)
             Began as a Spriggan Transmuter on May 14, 2018.
             Was a High Priest of Sif Muna.
             Hit by a large rock thrown by a cyclops (28 damage)
             ... on level 1 of the Orcish Mines.
             The game lasted 00:33:08 (13613 turns).

Amnesiac the Transmogrifier (Spriggan Transmuter)  Turns: 13613, Time: 00:33:09

Health: 0/58       AC:  5    Str:  6    XL:     11   Next: 82%
Magic:  20/28      EV: 26    Int: 17    God:    Sif Muna [*****.]
Gold:   502        SH:  5    Dex: 24    Spells: 15/34 levels left

rFire    + . .     SeeInvis +   a - +2 spear (venom)
rCold    + . .     Gourm    .   (shield restricted)
rNeg     + . .     Faith    .   i - +2 robe {rN+}
rPois    .         Spirit   .   L - +1 hat {SInv}
rElec    .         Reflect  +   D - scarf {rC+ rF+}
rCorr    .         Harm     .   (gloves unavailable)
MR       +....                  (boots unavailable)
Stlth    ++........             q - +5 amulet of reflection
HPRegen  0.19/turn              r - +6 ring of dexterity
MPRegen  0.21/turn              u - ring of wizardry

@: divine energy, very quick
A: very small, unfitting armour, see invisible, herbivore, speed 3, slow
metabolism 2
a: Stop Divine Energy, Channel Magic, Forget Spell, Renounce Religion


You were on level 1 of the Orcish Mines.
You worshipped Sif Muna.
Sif Muna was extremely pleased with you.
You were full.

You visited 3 branches of the dungeon, and saw 13 of its levels.

You collected 577 gold pieces.
You spent 75 gold pieces at shops.

Inventory:

Hand Weapons
 a - a +2 spear of venom (weapon)
Missiles
 v - 9 arrows
Armour
 i - a +2 robe of positive energy (worn)
 D - a scarf of resistance (worn)
 L - a +1 hat of see invisible (worn)
Jewellery
 b - an uncursed ring of protection from cold
 l - an uncursed ring of protection from cold
 p - an uncursed ring of resist corrosion
 q - a +5 amulet of reflection (around neck)
 r - a +6 ring of dexterity (left hand)
 s - an uncursed amulet of magic regeneration
 u - a ring of wizardry (right hand)
 A - an uncursed ring of poison resistance
Wands
 c - a wand of iceblast (10)
 I - a wand of flame (33)
 J - a wand of disintegration (12)
 K - a wand of paralysis (17)
 N - a wand of random effects (33)
 P - a wand of polymorph (10)
Scrolls
 e - 4 scrolls of remove curse {!r}
 g - 9 scrolls of identify {!r}
 h - a scroll of noise {!r, unknown}
 k - 5 scrolls of teleportation {!r}
 y - a scroll of blinking {!r, unknown}
 z - 2 scrolls of amnesia {!r}
 E - 3 scrolls of fear {!r}
 F - 5 scrolls of enchant armour {!r}
 G - 4 scrolls of immolation {!r}
 M - a scroll of silence {!r, unknown}
Potions
 f - 2 potions of magic {!q}
 j - 3 potions of cancellation {!q}
 m - 2 potions of resistance {!q}
 n - a potion of lignification {!q, unknown}
 o - 3 potions of heal wounds {!q}
 t - 3 potions of haste {!q}
 w - a potion of agility {!q, unknown}
 x - a potion of mutation {!q, unknown}
 B - 2 potions of degeneration {!q, unknown}
 C - 2 potions of brilliance {!q, unknown}
 H - 2 potions of curing {!q}
 O - a potion of ambrosia {!q, unknown}
Miscellaneous
 Q - a sack of spiders
Comestibles
 d - 8 rations


   Skills:
 * Level 6.4 Fighting
 - Level 8.1 Dodging
 - Level 4.0 Unarmed Combat
 - Level 12.2 Spellcasting
 - Level 13.1 Transmutations
 - Level 8.0 Invocations


You had 15 spell levels left.
You knew the following spells:

 Your Spells              Type           Power        Failure   Level  Hunger
a - Blade Hands           Tmut           ######....   1%          5    ####...
b - Sticks to Snakes      Tmut           ######..     1%          2    None
c - Yara's Violent Unrav  Hex/Tmut       ####......   5%          5    ####...
d - Corpse Rot            Necr           N/A          4%          2    None
e - Petrify               Tmut/Erth      ####....     1%          4    ##.....
z - Confusing Touch       Hex            ##....       2%          1    None

Your spell library contained the following spells:

 Spells                   Type           Power        Failure   Level  Hunger
 Confuse                  Hex            ##......     9%          3    None
 Stone Arrow              Conj/Erth      ##....       9%          3    None
 Spider Form              Tmut/Pois      ####......   1%          3    None
 Ice Form                 Ice/Tmut       ####....     1%          4    ##.....
 Metabolic Englaciation   Hex/Ice        ##........   56%         5    ####...
 Leda's Liquefaction      Hex/Erth       ##........   26%         4    ##.....
 Summon Hydra             Summ           ##........   100%        7    #######
 Beastly Appendage        Tmut           ######       1%          1    None
 Summon Forest            Summ/Tloc      ##........   56%         5    ####...
 Hydra Form               Tmut           ######....   1%          6    ######.
 Gell's Gravitas          Tloc           ##........   9%          3    None


Dungeon Overview and Level Annotations

Branches:
Dungeon (11/15)            Temple (1/1) D:6            Lair (0/6) D:9
    Orc (1/2) D:10

Altars:
Ashenzari
Cheibriados
Dithmenos
Elyvilon
Fedhas
Gozag
Hepliaklqana
Kikubaaqudgha
Makhleb
Nemelex Xobeh
Okawaru
Qazlal
Ru
Sif Muna
Trog
Uskayaw
Vehumet
Wu Jian
Xom
Yredelemnul
Zin
The Shining One
Beogh

Shops:
D:8 (   D:10 *

Annotations:
D:4 Totori's ghost, amateur VSFi


Innate Abilities, Weirdness & Mutations

You are very small and have problems with some larger weapons.
You are too small for most types of armour.
You have supernaturally acute eyesight. (SInv)
You are a herbivore.
You cover ground extremely quickly.
You need to consume almost no food.


Message History

The troll claws your adder! The troll claws your adder.
The ogre closely misses your adder.
The ogre dies!
Sif Muna accepts your kill.
Your adder looks stronger.
The troll barely misses your adder. The troll claws your adder!
Your adder dies!
The troll is poisoned.
Your adder poisons the troll!
The troll bites your adder!
Your adder dies!
The troll looks as sick as possible!
Your adder poisons the troll!
The troll closely misses your adder.
The troll claws your adder but does no damage.
The troll closely misses your adder.
You hear a splashing noise.
The troll bites your adder. The troll claws your adder.
The troll closely misses your adder. The troll bites your adder!
Your adder dies!
The troll looks as sick as possible!
Your adder poisons the troll!
The troll bites your adder! The troll claws your adder! x2
Your adder dies!
The troll looks as sick as possible!
Your adder poisons the troll!
The troll bites your adder! The troll claws your adder!
Your adder dies!
The troll dies!
Sif Muna accepts your kill.
Your adder looks stronger.
You see here a giant spiked club.
You now have 502 gold pieces (gained 23).
You see here a troll corpse.
You swap places.
Things that are here:
a giant club; an ogre corpse You start resting.
Your transformation is almost over.
You start resting.
Your hands revert to their normal proportions.
Your +2 spear of venom begins to drip with poison!
You start resting.
Your adder withers and dies!
A cyclops comes into view.
A cyclops is nearby!
What are your orders? t - Shout!
Orders for allies: a - Attack new target. r - Retreat! s - Stop attacking. g - Guard the area. f - Follow me.
Anything else - Cancel.
Retreat in which direction?
Press: ? - help, Dir - move target cursor Fall back!
What are your orders? t - Shout!
Orders for allies: a - Attack new target. r - Retreat! s - Stop attacking. g - Guard the area. f - Follow me.
Anything else - Cancel.
Gang up on whom?
Press: ? - help, Dir - move target cursor, f - cyclops
Aim: a cyclops Attack!
The cyclops throws a large rock.
The large rock hits you!!
You die...

##.... #
####....#.##..##
#.##.#.......#..... ##
....#........... # ##.
##............#
..#...##†.S..........##.
......#.)..S.....#..#...
.........)..............
.##....@...S...<>.....#
###.........C......##
#######.........#..#
###.....$.....
##.......$.. ##.........
#.#.....$. ..........


You could see a cyclops and 3 friendly adders.

Vanquished Creatures
  The ghost of tstbtto the Cleaver, a journeyman DrFi of Makhleb (D:10)
  Erica (D:9)
  A centaur warrior (D:11)
  An ogre mage (D:10)
  Nergalle (D:10)
  An unseen horror (D:7)
  Pikel (D:8)
  An ugly thing (D:11)
  Maurice (D:8)
  A gargoyle (D:10)
  Psyche (D:10)
  A troll (D:10)
  A hippogriff (D:8)
  A spriggan (D:8)
  A hungry ghost (D:7)
  A steam dragon (D:11)
  2 porcupines (D:9)
  7 orc warriors
  2 water moccasins
  A sky beast (D:10)
  2 ice beasts
  3 slaves (D:8)
  A black bear (D:10)
  3 phantoms
  4 ogres
  A wolf (D:9)
  7 centaurs
  A big kobold (D:8)
  9 bullfrogs
  5 scorpions
  A wyvern skeleton (D:11)
  5 wights (D:7)
  An electric eel (D:11)
  4 howler monkeys
  2 jellies (D:7)
  4 crimson imps
  A centaur zombie (D:5)
  A quasit (D:10)
  3 orc priests
  5 hounds
  A bullfrog skeleton (D:9)
  2 iguanas
  11 orc wizards
  7 worker ants
  A hound zombie (D:11)
  A hound skeleton (D:8)
  A worker ant zombie (D:7)
  4 gnolls
  A howler monkey skeleton (D:8)
  10 adders
  4 shadow imps
  An ooze (D:4)
  3 worms
  3 dart slugs (D:2)
  6 leopard geckos
  33 orcs
  3 ball pythons
  A giant cockroach (D:2)
  5 goblins
  5 hobgoblins
  9 jackals
  4 quokkas (D:2)
  4 bats
  2 frilled lizards (D:3)
  15 kobolds
  8 rats
236 creatures vanquished.

Vanquished Creatures (collateral kills)
  Gastronok (D:9)
  Erolcha (D:9)
  A centaur warrior (D:10)
  A two-headed ogre (D:9)
  3 trolls
  Sigmund (D:3)
  Grum (D:9)
  A hungry ghost (D:9)
  An orc warrior (D:9)
  An ice beast (D:10)
  A wolf (D:9)
  2 ogres (Orc:1)
  A bullfrog (D:11)
  A big kobold (D:11)
  A scorpion (D:4)
  2 jellies (D:7)
  2 orc priests
  2 orc wizards
  An iguana (D:4)
  A hound zombie (D:8)
  2 gnolls (D:3)
  A shadow imp (D:8)
  2 adder skeletons
  8 orcs
  A kobold (D:11)
40 creatures vanquished.

Vanquished Creatures (others)
  A slave (D:8)
  A kobold (D:11)
  A plant (D:9)
3 creatures vanquished.

Grand Total: 279 creatures vanquished

Notes
Turn   | Place    | Note
-------+----------+-------------------------------------------
     0 | D:1      | Amnesiac the Spriggan Transmuter began the quest for the Orb.
     0 | D:1      | Reached XP level 1. HP: 9/9 MP: 5/5
   417 | D:1      | Reached XP level 2. HP: 14/14 MP: 3/6
   426 | D:1      | Learned a level 2 spell: Sticks to Snakes
  1231 | D:2      | Reached XP level 3. HP: 16/17 MP: 8/8
  1280 | D:2      | Found a sacrificial altar of Ru.
  1296 | D:2      | Became a worshipper of Ru the Awakened
  1613 | D:2      | Found a deep blue altar of Sif Muna.
  1624 | D:2      | Reached skill level 5 in Dodging
  1641 | D:2      | Fell from the grace of Ru
  1641 | D:2      | Became a worshipper of Sif Muna the Loreminder
  1667 | D:2      | Noticed an orc warrior
  1796 | D:3      | Noticed Sigmund
  1823 | D:3      | Reached XP level 4. HP: 19/21 MP: 9/9
  1860 | D:3      | Reached skill level 1 in Fighting
  1860 | D:3      | Reached skill level 3 in Transmutations
  2091 | D:3      | Killed Sigmund
  2091 | D:3      | Reached skill level 4 in Transmutations
  2091 | D:3      | Reached XP level 5. HP: 6/25 MP: 0/12
  2485 | D:3      | Found an ornate altar of the Wu Jian Council.
  2490 | D:3      | Found a snail-covered altar of Cheibriados.
  2492 | D:3      | Found a hide-covered altar of Uskayaw.
  2497 | D:3      | Found a sparkling altar of Nemelex Xobeh.
  2591 | D:4      | Found a hazy altar of Hepliaklqana.
  2601 | D:4      | Reached * piety under Sif Muna
  2642 | D:4      | Reached skill level 5 in Transmutations
  2642 | D:4      | Reached XP level 6. HP: 11/30 MP: 5/14
  2645 | D:4      | Noticed Totori's ghost (amateur VSFi)
  2658 | D:4      | Reached skill level 5 in Spellcasting
  3527 | D:2      | Killed an orc warrior
  3527 | D:2      | Reached skill level 6 in Transmutations
  3629 | D:2      | Found a sacrificial altar of Ru.
  3892 | D:2      | Found a deep blue altar of Sif Muna.
  4164 | D:4      | Reached XP level 7. HP: 5/33 MP: 10/17
  4703 | D:5      | Entered Level 5 of the Dungeon
  4999 | D:5      | Reached ** piety under Sif Muna
  4999 | D:5      | Reached skill level 7 in Transmutations
  5067 | D:5      | Learned a level 5 spell: Blade Hands
  5265 | D:5      | Learned a level 1 spell: Confusing Touch
  5898 | D:6      | Reached skill level 8 in Transmutations
  5898 | D:6      | Reached XP level 8. HP: 12/37 MP: 18/20
  6328 | D:6      | Reached skill level 9 in Transmutations
  6550 | D:6      | Reached *** piety under Sif Muna
  6551 | D:6      | Found a staircase to the Ecumenical Temple.
  6559 | Temple   | Entered the Ecumenical Temple
  7277 | D:7      | Reached skill level 10 in Transmutations
  7299 | D:7      | Reached XP level 9. HP: 23/41 MP: 16/23
  7459 | D:7      | Reached **** piety under Sif Muna
  7499 | D:7      | Reached skill level 10 in Spellcasting
  7561 | D:7      | Reached skill level 11 in Transmutations
  7943 | D:7      | Noticed an unseen horror
  8008 | D:7      | Killed an unseen horror
  8334 | D:8      | Noticed Maurice
  8360 | D:8      | Killed Maurice
  8360 | D:8      | Reached skill level 12 in Transmutations
  8442 | D:8      | Found Izarghi's Weapon Emporium.
  8979 | D:8      | Reached XP level 10. HP: 45/45 MP: 26/26
  9007 | D:8      | Reached ***** piety under Sif Muna
  9390 | D:8      | Noticed Pikel
  9391 | D:8      | Found an iron altar of Okawaru.
  9418 | D:8      | Killed Pikel
  9418 | D:8      | Received a gift from Sif Muna
  9427 | D:8      | Learned a level 4 spell: Petrify
  9433 | D:8      | Learned a level 5 spell: Yara's Violent Unravelling
  9436 | D:8      | Learned a level 2 spell: Corpse Rot
  9504 | D:8      | Reached skill level 13 in Transmutations
  9968 | D:9      | Noticed Erolcha
 10015 | D:9      | Killed Erolcha
 10344 | D:9      | Noticed Erica
 10350 | D:9      | Noticed Gastronok
 10383 | D:9      | Killed Erica
 10383 | D:9      | Reached skill level 5 in Invocations
 10459 | D:9      | Killed Gastronok
 10913 | D:9      | Noticed Grum
 10934 | D:9      | Killed Grum
 10941 | D:9      | Reached XP level 11. HP: 49/49 MP: 22/28
 10950 | D:9      | Noticed a two-headed ogre
 10963 | D:9      | Killed a two-headed ogre
 11400 | D:9      | Found a staircase to the Lair.
 11487 | D:10     | Entered Level 10 of the Dungeon
 11487 | D:10     | Noticed Nergalle
 11508 | D:10     | Killed Nergalle
 11774 | D:10     | Found a staircase to the Orcish Mines.
 11898 | D:10     | Noticed Psyche
 11957 | D:10     | Killed Psyche
 12183 | D:10     | Found Akado's General Store.
 12190 | D:10     | Bought a scroll of enchant armour for 75 gold pieces
 12206 | D:10     | Found a roughly hewn altar of Beogh.
 12233 | D:10     | Noticed tstbtto's ghost (journeyman DrFi)
 12251 | D:10     | Killed tstbtto's ghost
 13018 | D:10     | Noticed a centaur warrior
 13030 | D:10     | Noticed an ogre mage
 13036 | D:10     | Killed a centaur warrior
 13042 | D:10     | Noticed a green ugly thing
 13047 | D:10     | Killed an ogre mage
 13047 | D:10     | Reached skill level 5 in Fighting
 13080 | D:11     | Killed a green ugly thing
 13197 | D:11     | Noticed a centaur warrior
 13210 | D:11     | Killed a centaur warrior
 13229 | D:11     | Noticed a six-headed hydra
 13263 | D:11     | Noticed a purple ugly thing
 13523 | Orc:1    | Entered Level 1 of the Orcish Mines
 13613 | Orc:1    | Hit by a large rock thrown by a cyclops

Vault maps used:
D:1:      dpeg_arrival_orchard
D:2:      lemuel_blue_sif_altar, lemuel_coloured_pillars_altar, first_ration,
          minivault_25, dk_noncrumbling_3
D:3:      minitemple, uniq_sigmund
D:4:      lemuel_round_altar, minmay_misc_feat_doors
D:5:      corexii_shack_village
D:6:      minmay_temple_entry_junction_2, minmay_door_square
D:7:      cheibrodos_barr_body, lemuel_flamethrower_2
D:8:      okawaru_gym_becter, serial_shops, nicolae_shop_stone, the_bakery,
          uniq_pikel, uniq_maurice
D:9:      grunt_lair_entry_orc_guard_hut, uniq_gastronok, uniq_grum,
          uniq_erolcha, uniq_erica
D:10:     cheibrodos_elevator_heist, minmay_orc_entry_temple_small,
          serial_shops, shop, uniq_psyche, uniq_nergalle
D:11:     minmay_the_grid_octo_tiled_octocenter_mashed
Temple:   eino_temple_water
Orc:1:    nicolae_orc_damp_corner

Skill      XL: |  1  2  3  4  5  6  7  8  9 10 11 |
---------------+----------------------------------+-----
Unarmed Combat | 3 4 |  4.0
Dodging        | 4 5 8 |  8.1
Fighting       | 1 6 |  6.4
Transmutations | 4 5 6 8 10 12 13 | 13.1
Spellcasting   | 4 6 7 9 11 12 | 12.2
Invocations    | 7 8 |  8.0

Action                   |  1- 3 |  4- 6 |  7- 9 | 10-12 || total
-------------------------+-------+-------+-------+-------++-------
Melee: Unarmed           |    38 |       |    66 |   113 ||   217
       Kick              |     4 |     3 |       |       ||     7
       Punch             |     3 |     5 |     9 |    10 ||    27
       Short sword       |    70 |    25 |       |       ||    95
       Spear             |       |    74 |   324 |   385 ||   783
 Cast: Beastly Appendage |     9 |     2 |       |       ||    11
       Sticks to Snakes  |     6 |    18 |    22 |    58 ||   104
       Blade Hands       |       |       |    12 |    12 ||    24
       Confusing Touch   |       |       |     1 |       ||     1
       Yara's Violent Un |       |       |       |     4 ||     4
       Petrify           |       |       |       |     3 ||     3
Invok: Divine Energy     |       |     1 |       |       ||     1
 Abil: End Transformatio |       |       |       |     1 ||     1
  Use: Scroll            |       |    14 |     1 |     1 ||    16
       Potion            |       |       |     1 |     5 ||     6
 Stab: Sleeping          |     3 |     6 |     4 |     7 ||    20
       Distracted        |       |       |     3 |     5 ||     8
  Eat: Ration            |       |     3 |     3 |     7 ||    13
Armor: Robe              |     6 |     3 |    20 |    32 ||    61
Dodge: Dodged            |    84 |    43 |   239 |   369 ||   735
Block: Other             |     5 |    20 |    64 |    98 ||   187
       Reflection        |       |       |     3 |     7 ||    10

Table legend:
 A = Spawn XP
 B = Non-spawn XP
 C = Spawn XP percentage of total XP
 D = Spawn monster count
 E = Non-spawn monster count
 F = Spawn count percentage of total count
 G = Total turns spent on level
                    A         B        C        D         E        F      G
               +---------+---------+-------+---------+---------+-------+---------
         Total |       0 |   19902 |   0.0 |       0 |     274 |   0.0 | 13613
               +---------+---------+-------+---------+---------+-------+---------
           D:1 |       0 |      19 |   0.0 |       0 |      13 |   0.0 |   789
           D:2 |       0 |     239 |   0.0 |       0 |      25 |   0.0 |  2052
           D:3 |       0 |     230 |   0.0 |       0 |      23 |   0.0 |  1139
           D:4 |       0 |     312 |   0.0 |       0 |      11 |   0.0 |   748
           D:5 |       0 |     425 |   0.0 |       0 |      21 |   0.0 |  1044
           D:6 |       0 |     971 |   0.0 |       0 |      37 |   0.0 |  1175
           D:7 |       0 |    2513 |   0.0 |       0 |      32 |   0.0 |  1332
           D:8 |       0 |    2346 |   0.0 |       0 |      22 |   0.0 |  1462
           D:9 |       0 |    4864 |   0.0 |       0 |      30 |   0.0 |  1693
          D:10 |       0 |    5499 |   0.0 |       0 |      39 |   0.0 |  1738
          D:11 |       0 |    1881 |   0.0 |       0 |      16 |   0.0 |   298
         Orc:1 |       0 |     603 |   0.0 |       0 |       5 |   0.0 |    90
               +---------+---------+-------+---------+---------+-------+---------
